 Dungeon Crawl Stone Soup version 0.28.0 (webtiles) character file.

Game seed: 6748203182168652413

8 Senryu the Chopper (level 2, 0/24 HPs)
             Began as a Human Monk on Feb 9, 2022.
             Slain by a hobgoblin (2 damage)
             ... on level 1 of the Dungeon.
             The game lasted 00:01:36 (456 turns).

Senryu the Chopper (Human Monk)                      Turns: 456, Time: 00:01:37

Health: 0/24       AC:  2    Str: 11    XL:     2   Next: 15%
Magic:  2/2        EV: 13    Int: 10    God:
Gold:   7          SH:  0    Dex: 15    Spells: 1/1 levels left

rFire   . . .      SeeInvis .   a - +0 hand axe
rCold   . . .      Faith    .   (no shield)
rNeg    . . .      Spirit   .   b - +0 robe
rPois   .          Reflect  .   (no helmet)
rElec   .          Harm     .   (no cloak)
rCorr   .          Rampage  .   (no gloves)
Will    .....                   (no boots)
Stlth   ++........              e - amulet of magic regeneration
HPRegen 0.08/turn               (no ring)
MPRegen 0.48/turn               (no ring)

@: no status effects
A: no striking features
a: no special abilities


You were on level 1 of the Dungeon.
You visited 1 branch of the dungeon, and saw 1 of its levels.

You collected 7 gold pieces.

Inventory:

Hand Weapons
 a - a +0 hand axe (weapon)
Armour
 b - a +0 robe (worn)
Jewellery
 e - an amulet of magic regeneration (around neck)
Scrolls
 d - a scroll of identify {unknown}


   Skills:
 + Level 3.1 Fighting
 + Level 3.3 Axes
 + Level 3.1 Dodging
 + Level 2.0 Stealth


You had one spell level left.
You didn't know any spells.
Your spell library was empty.

Dungeon Overview and Level Annotations

Branches:
Dungeon (1/15)

Altars:


Message History

The endoplasm quivers.
You hit the frilled lizard.
You kill the frilled lizard!
A hobgoblin comes into view.
The hobgoblin shouts!
You barely miss the endoplasm. Your punch misses the endoplasm.
You closely miss the hobgoblin. The endoplasm freezes you.
You are frozen.
The hobgoblin misses you.
You hit the endoplasm.
The endoplasm is heavily wounded.
You hit the hobgoblin. The endoplasm freezes you.
You are frozen.
The hobgoblin hits you.
You hit the endoplasm.
The endoplasm is almost dead.
You barely miss the hobgoblin. The endoplasm hits you.
The hobgoblin barely misses you. The endoplasm barely misses you.
You hit the endoplasm.
You kill the endoplasm!
You hit the hobgoblin but do no damage. The hobgoblin hits you.
* * * LOW HITPOINT WARNING * * *
You have reached level 2!
You hit the hobgoblin.
You kill the hobgoblin!
You barely miss the hobgoblin. The hobgoblin hits you.
* * * LOW HITPOINT WARNING * * *
The hobgoblin barely misses you.
You aren't carrying any potions.
You closely miss the hobgoblin. The hobgoblin hits you.
* * * LOW HITPOINT WARNING * * *
You hit the hobgoblin but do no damage. The hobgoblin misses you.
You hit the hobgoblin but do no damage. The hobgoblin misses you.
You aren't carrying any potions.
As you read the scroll labelled WACROD AMEU, it crumbles to dust.
The creatures around you are filled with an inner flame!
It was a scroll of immolation.
The hobgoblin hits you.
* * * LOW HITPOINT WARNING * * *
The hobgoblin hits you.
You die...

.# #.....#..§...#.....#.## #
#####.....###≈≈≈###≈≈≈#### .
......†....#.....#......#
#######....§(.⌠..≈......#
####.≈.....≈.§....#
##.#.....#......###
#..+#§≈≈##........###
############...§§...######.....#
...............g@.....†........#
#######################..).....#
#........# #........# ##########


You could see a hobgoblin (inner flame).

Vanquished Creatures
  An endoplasm (D:1)
  A goblin (D:1)
  A hobgoblin (D:1)
  2 frilled lizards (D:1)
  2 kobolds (D:1)
  A rat (D:1)
8 creatures vanquished.

Notes
Turn   | Place    | Note
-------+----------+-------------------------------------------
     0 | D:1      | Senryu the Human Monk began the quest for the Orb.
     0 | D:1      | Reached XP level 1. HP: 18/18 MP: 1/1
   426 | D:1      | Reached XP level 2. HP: 7/24 MP: 2/2
   450 | D:1      | HP: 1/24 [hobgoblin (3)]
   456 | D:1      | Slain by a hobgoblin

Illustrated notes

Levels and vault maps discovered:
D:1:      dpeg_arrival_rooms_with_view, layout_rooms,
          shapermc_ecumenical_altar_mp_vishouse, eino_curves_04, minmay_ruptured

Action                   || total
-------------------------++-------
Melee: Hand axe          ||    26
  Use: Scroll            ||     1
Armor: Robe              ||     2
Dodge: Dodged            ||    17
